 Dungeon Crawl Stone Soup version 0.21.1-1-g345015f (webtiles) character file.

25137 infcreate the Severer (level 12, -7/110 HPs)
             Began as a Minotaur Fighter on May 26, 2018.
             Was a High Priest of Trog.
             Killed from afar by a raiju (10 damage)
             ... with a living lightning
             ... on level 1 of the Abyss.
             The game lasted 01:05:10 (13749 turns).

infcreate the Severer (Minotaur Fighter)           Turns: 13749, Time: 01:05:10

Health: -7/110     AC: 26    Str: 33    XL:     12   Next: 86%
Magic:  11/11      EV:  9    Int:  5    God:    Trog [*****.]
Gold:   311        SH: 14    Dex:  9    Spells: 11/11 levels left

rFire    . . .     SeeInvis .   Q - +4 broad axe (flame)
rCold    . . .     Gourm    +   c - +0 shield
rNeg     . . .     Faith    .   I - +0 plate armour {MR+}
rPois    .         Spirit   .   (helmet restricted)
rElec    .         Reflect  .   F - +0 cloak
rCorr    .         Harm     .   O - +0 pair of gloves
MR       +....                  J - +1 pair of boots {Fly}
Stlth    ..........             w - amulet of the gourmand
HPRegen  0.28/turn              D - +6 ring of strength
MPRegen  0.12/turn              h - +6 ring of protection

@: no status effects
A: retaliatory headbutt, horns 2
a: Berserk, Trog's Hand, Brothers in Arms, Burn Spellbooks, Renounce Religion,
Evoke Flight


You were on level 1 of the Abyss.
You worshipped Trog.
Trog was extremely pleased with you.
You were not hungry.

You visited 3 branches of the dungeon, and saw 15 of its levels.
You visited the Abyss 1 time.

You collected 991 gold pieces.
You spent 680 gold pieces at shops.

Inventory:

Hand Weapons
 Q - a +4 broad axe of flaming (weapon)
Armour
 c - a +0 shield (worn)
 F - a +0 cloak (worn)
 I - a +0 plate armour of magic resistance (worn)
 J - a +1 pair of boots of flying (worn)
 O - a +0 pair of gloves (worn)
Jewellery
 g - an uncursed ring of protection from cold
 h - a +6 ring of protection (right hand)
 w - an amulet of the gourmand (around neck)
 C - an uncursed ring of resist corrosion
 D - a +6 ring of strength (left hand)
 K - an uncursed ring of protection from magic
 M - a +4 amulet of reflection
Wands
 y - a wand of digging (9)
 E - a wand of flame (12)
Scrolls
 e - a scroll of identify
 j - 5 scrolls of teleportation
 k - 2 scrolls of amnesia
 l - 8 scrolls of remove curse
 m - 3 scrolls of enchant armour
 n - a scroll of magic mapping
 q - 2 scrolls of immolation
 r - 2 scrolls of noise {unknown}
 s - a scroll of enchant weapon
 t - 2 scrolls of random uselessness {unknown}
 u - 4 scrolls of fear
 A - a scroll of blinking {unknown}
 B - a scroll of vulnerability {unknown}
 H - 2 scrolls of fog {unknown}
 P - a scroll of holy word {unknown}
Potions
 a - a potion of agility {unknown}
 b - 2 potions of lignification
 d - 6 potions of might
 i - 5 potions of curing
 o - a potion of resistance
 p - 3 potions of mutation
 v - 3 potions of heal wounds
 x - 2 potions of haste {unknown}
 z - 2 potions of flight {unknown}
 L - a potion of ambrosia {unknown}
 N - a potion of berserk rage {unknown}
Comestibles
 f - 34 rations


   Skills:
 + Level 11.0 Fighting
 + Level 15.7 Axes
 + Level 11.7 Armour
 + Level 3.4 Dodging
 + Level 1.8 Stealth
 + Level 12.8 Shields


You had 11 spell levels left.
You didn't know any spells.

Dungeon Overview and Level Annotations

Branches:
Dungeon (11/15)            Temple (1/1) D:5            Lair (3/6) D:9
    Orc (0/2) D:9
  Swamp: Lair:2-4    Shoals: Lair:2-4     Snake: Lair:2-4    Spider: Lair:2-4

Altars:
Ashenzari
Cheibriados
Dithmenos
Elyvilon
Fedhas
Gozag
Hepliaklqana
Makhleb
Nemelex Xobeh
Okawaru
Qazlal
Ru
Sif Muna
Trog
Uskayaw
Vehumet
Wu Jian
Xom
Yredelemnul
Zin
The Shining One

Shops:
D:9 (??[

Annotations:
Lair:3 Sonja


Innate Abilities, Weirdness & Mutations

You reflexively headbutt those who attack you in melee.
You have a pair of horns on your head.


Message History

A black draconian comes into view. It is wielding an enchanted flail.
The black draconian roars!
The black draconian breathes lightning at you.
The bolt of lightning hits the raiju.
The raiju completely resists.
The bolt of lightning hits you!
* * * LOW HITPOINT WARNING * * *
The raiju bursts into living lightning!
The living lightning hits you!
* * * LOW HITPOINT WARNING * * *
The raiju blinks!
You slash the raiju! You burn the raiju!
The raiju is heavily wounded.
You block the raiju's attack.
The raiju bursts into living lightning!
The living lightning misses you.
The raiju blinks!
The raiju bursts into living lightning!
The living lightning hits you!
* * * LOW HITPOINT WARNING * * *
The living lightning hits you!
You die...

.. ## #X
#. #. #.
.... . #..
.#. ....
..
#..###.. #
.#.).# ##
#@###.#
#§..h≈## #
##..≈≈≈#≈
#.#
.#.#≈≈≈...
#.#..h≈...
#. ..≈d≈.#
.. ..###..
≈ # ...
.## .≈ .
..... ..


You could see a black draconian, a large abomination and 2 raiju.

Vanquished Creatures
  A balrug (Abyss:1)
  Fannar (D:10)
  3 hydras
  2 two-headed ogres (D:8)
  The ghost of p0werm0de the Grappler, a journeyman VSWn of Cheibriados (D:10)
  Urug (D:10)
  An unseen horror (D:11)
  A large abomination (Abyss:1)
  A cyclops (D:11)
  A black mamba (Lair:2)
  The ghost of Rekenzichi the Spear-Bearer, a novice MiMo of Okawaru (D:5)
  2 gargoyles
  A torpor snail (Lair:3)
  2 spiny frogs
  An ancient zyme (Abyss:1)
  A troll (D:10)
  3 komodo dragons
  3 red devils (Abyss:1)
  6 hippogriffs
  2 shadows (D:11)
  A wraith (D:10)
  A ynoxinul (Abyss:1)
  19 yaks
  A basilisk (Lair:2)
  The ghost of olivier the Charmwright, an amateur GnSk (D:4)
  A hungry ghost (D:9)
  3 soldier ants
  An acid dragon (D:11)
  A two-headed ogre zombie (D:9)
  Duvessa (D:7)
  A small abomination (Abyss:1)
  4 porcupines
  8 water moccasins
  2 orc warriors
  2 eyes of draining (D:11)
  7 sky beasts
  An ice beast (D:9)
  3 ogres
  3 phantoms
  A necrophage (D:7)
  6 centaurs
  8 wolves
  6 crocodiles
  A big kobold (D:10)
  11 bullfrogs
  A gnoll sergeant (D:9)
  Dowan (D:7)
  A wyvern skeleton (D:11)
  A wyvern zombie (D:7)
  3 scorpions
  6 killer bees (D:7)
  7 wights
  3 electric eels
  3 howler monkeys
  2 crimson imps
  2 bullfrog zombies
  3 quasits
  5 jellies
  3 bullfrog skeletons
  2 hounds
  4 orc priests
  A centaur skeleton (D:5)
  9 orc wizards
  2 iguanas
  Natasha (D:2)
  5 worker ants
  7 ogre zombies (D:9)
  A hound zombie (D:10)
  A hound skeleton (D:11)
  7 gnolls (D:9)
  13 adders
  3 shadow imps
  A white imp (Abyss:1)
  3 oozes
  An adder zombie (D:5)
  3 adder skeletons
  3 worms (D:3)
  3 dart slugs
  9 leopard geckos
  35 orcs
  5 giant cockroaches
  4 goblins
  5 hobgoblins
  6 jackals
  6 kobolds
  2 quokkas
  A ball python (D:8)
  A ball python skeleton (D:4)
  6 bats
  4 frilled lizards
  3 goblin skeletons (D:9)
  A goblin zombie (D:9)
  2 hobgoblin skeletons (D:9)
  2 hobgoblin zombies (D:9)
  A leopard gecko zombie (D:5)
  2 orc skeletons (D:9)
  15 orc zombies (D:9)
  2 quokka zombies
  6 rats
  2 fungi (Lair:3)
360 creatures vanquished.

Notes
Turn   | Place    | Note
-------+----------+-------------------------------------------
     0 | D:1      | infcreate the Minotaur Fighter began the quest for the Orb.
     0 | D:1      | Reached XP level 1. HP: 19/19 MP: 0/0
   519 | D:1      | Reached XP level 2. HP: 27/27 MP: 1/1
  1027 | D:2      | Reached XP level 3. HP: 32/34 MP: 2/2
  1338 | D:2      | Noticed Natasha
  1345 | D:2      | Killed Natasha
  1345 | D:2      | Reached skill level 3 in Axes
  1373 | D:2      | Reached XP level 4. HP: 41/41 MP: 3/3
  1385 | D:2      | Reached skill level 4 in Axes
  1446 | D:2      | Found an ornate altar of the Wu Jian Council.
  1707 | D:3      | Reached XP level 5. HP: 47/47 MP: 4/4
  1821 | D:3      | Found a burning altar of Makhleb.
  1821 | D:3      | Noticed a green death
  1831 | D:3      | Noticed a smoke demon
  1831 | D:3      | Noticed a hellwing
  2498 | D:3      | Reached skill level 5 in Shields
  2498 | D:3      | Reached XP level 6. HP: 47/53 MP: 5/5
  2798 | D:4      | Noticed olivier's ghost (amateur GnSk)
  2818 | D:4      | Killed olivier's ghost
  2818 | D:4      | Reached skill level 5 in Axes
  2818 | D:4      | Reached skill level 5 in Armour
  2818 | D:4      | Reached skill level 1 in Dodging
  2949 | D:4      | Found a sparkling altar of Nemelex Xobeh.
  3516 | D:5      | Entered Level 5 of the Dungeon
  3536 | D:5      | Reached skill level 5 in Fighting
  3536 | D:5      | Reached XP level 7. HP: 7/61 MP: 6/6
  3825 | D:5      | Reached skill level 6 in Axes
  3932 | D:5      | Found an opulent altar of Gozag.
  4080 | D:5      | Found a staircase to the Ecumenical Temple.
  4085 | D:5      | Noticed Rekenzichi's ghost (novice MiMo)
  4103 | D:5      | Killed Rekenzichi's ghost
  4103 | D:5      | Reached skill level 7 in Axes
  4103 | D:5      | Reached XP level 8. HP: 49/69 MP: 7/7
  4115 | Temple   | Entered the Ecumenical Temple
  4175 | Temple   | Became a worshipper of Trog the Wrathful
  4614 | D:6      | Found a radiant altar of Vehumet.
  4626 | D:6      | Reached skill level 8 in Axes
  4870 | D:6      | Found a snail-covered altar of Cheibriados.
  5352 | D:6      | Reached skill level 9 in Axes
  5390 | D:6      | Reached XP level 9. HP: 52/75 MP: 8/8
  5878 | D:7      | Found a hazy altar of Hepliaklqana.
  5894 | D:7      | Found an ornate altar of the Wu Jian Council.
  5978 | D:7      | Found a glowing golden altar of the Shining One.
  5978 | D:7      | Noticed Duvessa
  5978 | D:7      | Noticed Dowan
  6014 | D:7      | Killed Duvessa
  6016 | D:7      | Killed Dowan
  6016 | D:7      | Reached * piety under Trog
  6016 | D:7      | Reached skill level 1 in Stealth
  6043 | D:7      | Reached skill level 10 in Axes
  6907 | D:8      | Reached ** piety under Trog
  7009 | D:8      | Reached skill level 11 in Axes
  7088 | D:8      | Noticed a two-headed ogre
  7096 | D:8      | Killed a two-headed ogre
  7096 | D:8      | Reached XP level 10. HP: 86/86 MP: 9/9
  7374 | D:8      | Noticed a two-headed ogre
  7385 | D:8      | Killed a two-headed ogre
  7630 | D:8      | You fall through a shaft for 2 floors!
  7630 | D:10     | Entered Level 10 of the Dungeon
  7762 | D:10     | Reached skill level 12 in Axes
  7953 | D:10     | Reached skill level 10 in Shields
  8091 | D:9      | Found Tocuh's Magic Scroll Shop.
  8092 | D:9      | Reached *** piety under Trog
  8191 | D:9      | Found a staircase to the Orcish Mines.
  8387 | D:9      | Reached **** piety under Trog
  8484 | D:9      | Found Souto's Antique Weapon Shop.
  8492 | D:9      | Bought a runed war axe for 169 gold pieces
  8578 | D:9      | Identified the cursed +2 rapier of Jetyikh {pierce, rC+ rN+ MR+} (You found it on level 9 of the Dungeon)
  8597 | D:9      | Reached XP level 11. HP: 94/94 MP: 10/10
  8880 | D:9      | Found Fumman's Armour Boutique.
  8886 | D:9      | Found Elaprif's Magic Scroll Emporium.
  8903 | D:9      | Bought a +0 plate armour of magic resistance for 330 gold pieces
  8903 | D:9      | Bought a +1 pair of boots of flying for 181 gold pieces
  9016 | D:9      | Found a staircase to the Lair.
  9149 | D:10     | Noticed p0werm0de's ghost (journeyman VSWn)
  9152 | D:10     | Reached skill level 13 in Axes
  9166 | D:10     | Killed p0werm0de's ghost
  9766 | D:10     | Noticed Fannar
  9789 | D:10     | Killed Fannar
  9966 | D:10     | Noticed Urug
  9983 | D:10     | Killed Urug
  9997 | D:10     | Reached skill level 10 in Armour
 10745 | D:11     | Killed an unseen horror
 10772 | D:11     | Reached skill level 14 in Axes
 11109 | D:11     | Found a snail-covered altar of Cheibriados.
 11121 | D:11     | Noticed a five-headed hydra
 11129 | D:11     | Killed a ten-headed hydra
 11177 | D:11     | Reached ***** piety under Trog
 11395 | Lair:1   | Entered Level 1 of the Lair of Beasts
 11396 | Lair:1   | Noticed a five-headed hydra
 11409 | Lair:1   | Killed a 14-headed hydra
 11825 | Lair:1   | Reached XP level 12. HP: 102/105 MP: 11/11
 12352 | Lair:2   | Reached skill level 10 in Fighting
 12776 | Lair:2   | Reached skill level 15 in Axes
 13035 | Lair:3   | Received a gift from Trog
 13323 | Lair:3   | Noticed a six-headed hydra
 13332 | Lair:3   | Killed a three-headed hydra
 13473 | Lair:3   | Noticed Sonja
 13479 | Lair:3   | Cast into level 1 of the Abyss (Sonja)
 13600 | Abyss:1  | Noticed a balrug
 13610 | Abyss:1  | Killed a balrug
 13746 | Abyss:1  | Noticed a black draconian
 13749 | Abyss:1  | HP: 3/110 [raiju/living lightning (6)]
 13749 | Abyss:1  | Killed from afar by a raiju

Skill      XL: |  1  2  3  4  5  6  7  8  9 10 11 12 |
---------------+-------------------------------------+-----
Fighting       | 4 5 6 7 8 9 11 | 11.0
Armour         | 4 5 6 7 8 9 10 11 | 11.7
Shields        | 4 5 6 7 8 10 11 12 | 12.8
Axes           | 3 4 5 7 9 11 12 14 15 | 15.7
Dodging        | 1 2 3 |  3.4
Stealth        | 1 |  1.8

Action                   |  1- 3 |  4- 6 |  7- 9 | 10-12 || total
-------------------------+-------+-------+-------+-------++-------
Melee: War axe           |    72 |   108 |   337 |   551 ||  1068
       Headbutt          |     9 |    23 |    63 |   131 ||   226
       Unarmed           |     1 |       |       |       ||     1
       Broad axe         |       |       |       |    61 ||    61
Invok: Burn Spellbooks   |       |       |     1 |     2 ||     3
       Berserk           |       |       |     1 |     3 ||     4
 Abil: Stop Flying       |       |       |       |     1 ||     1
  Use: Scroll            |       |       |     7 |    16 ||    23
  Eat: Chunk             |     1 |     4 |     8 |    20 ||    33
       Ration            |       |     1 |     1 |     4 ||     6
Armor: Scale mail        |    35 |    45 |    25 |       ||   105
       Chain mail        |       |       |    31 |       ||    31
       Plate armour      |       |       |   145 |   293 ||   438
Dodge: Dodged            |    23 |    36 |   104 |   122 ||   285
Block: Shield            |    31 |    31 |   229 |   374 ||   665
